 Dungeon Crawl Stone Soup version 0.21.1-1-g345015f (webtiles) character file.

154 Mirai the Sneak (level 5, -3/28 HPs)
             Began as a Kobold Enchanter on Apr 27, 2018.
             Slain by a worm (8 damage)
             ... on level 2 of the Dungeon.
             The game lasted 00:05:10 (1564 turns).

Mirai the Sneak (Kobold Enchanter)                  Turns: 1564, Time: 00:05:11

Health: -3/28      AC:  2    Str:  5    XL:     5   Next: 63%
Magic:  5/9        EV: 16    Int: 16    God:
Gold:   55         SH:  0    Dex: 17    Spells: 1/10 levels left

rFire    . . .     SeeInvis .   e - +2 short sword (elec)
rCold    . . .     Gourm    .   (shield restricted)
rNeg     . . .     Faith    .   b - +0 robe
rPois    .         Spirit   .   (no helmet)
rElec    .         Reflect  .   (no cloak)
rCorr    .         Harm     .   (no gloves)
MR       .....                  (no boots)
Stlth    +++.......             (no amulet)
HPRegen  0.09/turn              (no ring)
MPRegen  0.11/turn              (no ring)

@: no status effects
A: small, carnivore
a: no special abilities


You were on level 2 of the Dungeon.
You were completely stuffed.

You visited 1 branch of the dungeon, and saw 2 of its levels.

You collected 55 gold pieces.

Inventory:

Hand Weapons
 e - a +2 short sword of electrocution (weapon)
Armour
 b - a +0 robe (worn)
Scrolls
 i - 2 scrolls of remove curse
 j - a scroll of amnesia
 k - a scroll of enchant weapon {unknown}
 l - 4 scrolls of identify
 m - 2 scrolls of teleportation
 n - a scroll of magic mapping {unknown}
Potions
 f - a potion of flight {unknown}
 g - a potion of berserk rage {unknown}
 h - a potion of ambrosia
 o - 2 potions of brilliance {unknown}
Books
 c - a book of Maledictions

   Spells                             Type                      Level
   a - Corona                         Hexes                        1
   b - Ensorcelled Hibernation        Hexes/Ice                    2
   c - Confuse                        Hexes                        3
   d - Tukima's Dance                 Hexes                        3
   e - Dazzling Spray                 Conjuration/Hexes            3
Comestibles
 a - 7 chunks of flesh
 d - 4 rations


   Skills:
 + Level 3.1 Short Blades
 + Level 3.5 Dodging
 + Level 5.2 Stealth
 + Level 3.1 Spellcasting
 + Level 3.7 Hexes


You had one spell level left.
You knew the following spells:

 Your Spells              Type           Power        Failure   Level  Hunger
a - Corona                Hex            ##.....      4%          1    #......
b - Ensorcelled Hibernat  Hex/Ice        #.....       13%         2    ##.....
c - Confuse               Hex            ##......     12%         3    ###....
d - Tukima's Dance        Hex            ##......     12%         3    ###....


Dungeon Overview and Level Annotations

Branches:
Dungeon (2/15)

Altars:


Innate Abilities, Weirdness & Mutations

You are small and have problems with some larger weapons.
You are carnivorous and can eat meat at any time.


Message History

Aiming: Ensorcelled Hibernation
Press: ? - help, Shift-Dir - straight line, f - rat, p - worm
Aim: a rat (chance to defeat MR: 57%)
The worm is unaffected.
You hit the worm but do no damage. Lightning courses through the worm!
The worm is severely wounded.
The worm bites you.
Casting: Ensorcelled Hibernation
Confirm with . or Enter, or press ? or * to list all spells.
Aiming: Ensorcelled Hibernation
Press: ? - help, Shift-Dir - straight line, f/p - rat
Aim: a rat (chance to defeat MR: 57%)
The worm is unaffected.
The worm bites you!
* * * LOW HITPOINT WARNING * * *
You hit the worm but do no damage.
The worm is heavily wounded.
You hit the worm.
The worm is almost dead.
The worm bites you!
You die...

. ####...
#.#...........#..#.. .
#...... #......###...#..... #
#......## ##........#####.#..
#
#.......###.##.#.##.#####....
#
........)#.....#............#
#
..........####.####.######...
# ......r...# #.# #.# #.## #
#.......#.####.# #.######.##
# #...!..##.rw@..#
#.......... #####...###
#..###.# ########.## .......#
#..# #.# #.## ####### #..#
#.# #... ### #..###.## ####
..# #.......## # #.########
##.#.....# #.........
#.#.....# #.########
#.#.....###


You could see a worm and a rat.

Vanquished Creatures
  A sky beast (D:2)
  2 adders (D:2)
  A dart slug (D:1)
  A leopard gecko (D:1)
  2 giant cockroaches
  5 goblins
  7 hobgoblins
  4 jackals (D:1)
  A quokka (D:2)
  A ball python (D:1)
  4 bats
  3 frilled lizards
  5 kobolds
  5 rats
42 creatures vanquished.

Notes
Turn   | Place    | Note
-------+----------+-------------------------------------------
     0 | D:1      | Mirai the Kobold Enchanter began the quest for the Orb.
     0 | D:1      | Reached XP level 1. HP: 10/10 MP: 3/3
   237 | D:1      | Reached XP level 2. HP: 12/15 MP: 5/5
   264 | D:1      | Learned a level 2 spell: Ensorcelled Hibernation
   673 | D:1      | Reached XP level 3. HP: 18/19 MP: 6/6
  1312 | D:2      | Noticed a sky beast
  1322 | D:2      | Killed a sky beast
  1322 | D:2      | Reached skill level 5 in Stealth
  1322 | D:2      | Reached XP level 4. HP: 13/24 MP: 2/8
  1322 | D:2      | Reached XP level 5. HP: 15/28 MP: 2/9
  1329 | D:2      | Learned a level 3 spell: Confuse
  1333 | D:2      | Learned a level 3 spell: Tukima's Dance
  1564 | D:2      | Slain by a worm

Skill      XL: |  1  2  3 |
---------------+----------+-----
Short Blades   | 2 3 |  3.1
Dodging        | 3 |  3.5
Stealth        | 5 |  5.2
Spellcasting   | 3 |  3.1
Hexes          | |  3.7

Action                   |  1- 3 |  4- 6 || total
-------------------------+-------+-------++-------
Melee: Dagger            |    42 |       ||    42
       Short sword       |    43 |    32 ||    75
 Cast: Ensorcelled Hiber |    13 |     3 ||    16
       Corona            |     2 |       ||     2
  Use: Scroll            |     1 |     3 ||     4
       Potion            |     1 |       ||     1
 Stab: Sleeping          |    16 |     2 ||    18
  Eat: Chunk             |    10 |     1 ||    11
Armor: Robe              |    10 |     5 ||    15
Dodge: Dodged            |    79 |    26 ||   105
